 Dungeon Crawl Stone Soup version 0.31-a0-963-ga325b2283a (console) character file.

Game seed: 11966807021033629198

210096 petzl the Thaumaturge (level 19, 0/142 HPs)
             Began as a Formicid Delver on Oct 25, 2023.
             Was a High Priest of Vehumet.
             Slain by a +6 flail of holy wrath (19 damage)
             ... animated by Zenata
             ... on level 3 of the Elven Halls on Oct 28, 2023.
             The game lasted 07:58:35 (63704 turns).

petzl the Thaumaturge (Formicid Delver)            Turns: 63704, Time: 07:58:36

Health: 0/142      AC: 14    Str: 20    XL:     19   Next: 56%
Magic:  30/36      EV: 16    Int: 16    God:    Vehumet [*****.]
Gold:   150        SH:  6    Dex: 13    Spells: 5/44 levels left

rFire   + + .        b - +4 shortbow (chaos)
rCold   + + .        y - -1 buckler of the Everdark {Regen+ Str+3}
rNeg    + . .        r - +0 ring mail {Will+}
rPois   +            (helmet unavailable)
rElec   .            u - scarf {repulsion}
rCorr   .            c - +3 pair of gloves of the Crypt {Will+}
SInv    +            s - +1 pair of boots of the Butterfly {rF++}
Will    +++..        C - macabre finger necklace {Finger+ rN+}
Stlth   +++          H - ring of wizardry
HPRegen 1.23/turn    n - ring "Wawkal" {Fly rC++ Dex-2 Slay+2}
MPRegen 0.25/turn    e - ring of poison resistance

%: repel missiles, wizardry (x1)
@: flying, studying 2 skills, invisible
A: permanent stasis, dig shafts and tunnels, antennae 3, four strong arms, dopey
1
}: 1/15 runes: barnacled
a: Dig, Shaft Self, Renounce Religion


You were on level 3 of the Elven Halls.
You worshipped Vehumet.
Vehumet was extremely pleased with you.
You visited 7 branches of the dungeon, and saw 32 of its levels.
You also visited: Gauntlet.

You collected 5383 gold pieces.
You spent 5233 gold pieces at shops.

Inventory:

Hand Weapons
 a - the +7 staff of the Meek {protect, meekguard}
   (You found it on level 12 of the Dungeon)
 b - a +4 shortbow of chaos (weapon)
 d - the +5 woodcutter's axe {!f =f}
   (You took it off a centaur warrior on level 10 of the Dungeon)
 q - a +1 longbow of flaming
Missiles
 D - 3 throwing nets (quivered)
 I - 5 curare-tipped darts
 U - 19 poisoned darts
Armour
 c - the +3 pair of gloves of the Crypt (worn) {Will+}
   (You bought it in a shop on level 3 of the Shoals)

   Will+:     It increases your willpower.
 i - a +2 leather armour of poison resistance
 r - a +0 ring mail of willpower (worn)
 s - the +1 pair of boots of the Butterfly (worn) {rF++}
   (You bought it in a shop on level 1 of the Orcish Mines)

   rF++:      It greatly protects you from fire.
 u - a scarf of repulsion (worn)
 y - the -1 buckler of the Everdark (worn) {Regen+ Str+3}
   (You found it on level 1 of the Elven Halls)

   Str+3:     It affects your strength (+3).
   Regen+:    It increases your rate of health regeneration.
 X - the +1 ring mail of Hetuitan {rPois Regen+}
   (You found it on level 9 of the Dungeon)

   rPois:     It protects you from poison Regen+: It increases your rate of
   health regeneration.
Jewellery
 e - a ring of poison resistance (on amulet)
 g - a ring of willpower
 n - the ring "Wawkal" (right hand) {Fly rC++ Dex-2 Slay+2}
   (You acquired it on level 2 of the Orcish Mines)

   [ring of flight]

   Dex-2:     It affects your dexterity (-2).
   Slay+2:    It affects your accuracy & damage with ranged weapons and melee
   (+2).
   rC++:      It greatly protects you from cold.
   Fly:       It grants you flight.
 o - the amulet "Elets" {Reflect Fragile rC- rN+++ Str+7 SH+5}
   (You took it off a deep elf zephyrmancer on level 3 of the Elven Halls)

   [amulet of reflection]

   Reflect:   It reflects blocked missile attacks.
   Str+7:     It affects your strength (+7).
   rC-:       It makes you vulnerable to cold.
   rN+++:     It renders you almost immune to negative energy.
   Fragile:   It will be destroyed if unequipped.
   SH+5:      It affects your SH (+5).
 C - the macabre finger necklace (around neck) {Finger+ rN+}
   (You found it on level 14 of the Dungeon)

   [amulet of nothing]

   Finger+:   It enables you to equip an extra ring.
   rN+:       It protects you from negative energy.
 H - a ring of wizardry (left hand)
Talismans
 h - the serpent talisman "Ycaleg" {rCorr Int+3 Dex-3}
   (You took it off Aizul on level 1 of the Elven Halls)

   [serpent talisman]

   Int+3:     It affects your intelligence (+3).
   Dex-3:     It affects your dexterity (-3).
   rCorr:     It protects you from acid and corrosion.
Wands
 f - a wand of digging (5)
 E - a wand of mindburst (7)
 O - a wand of light (14)
 R - a wand of charming (22)
 W - a wand of roots (21)
 Z - a wand of polymorph (11)
Scrolls
 m - 8 scrolls of identify
 t - a scroll of silence
 B - 2 scrolls of fear
 J - a scroll of revelation
 P - 3 scrolls of poison
 Q - a scroll of fog
Potions
 j - a potion of cancellation
 k - 3 potions of brilliance
 l - a potion of resistance
 w - 2 potions of heal wounds
 x - 9 potions of curing
 z - a potion of magic
 A - 2 potions of ambrosia
 G - 3 potions of might
 N - 4 potions of enlightenment
 T - 3 potions of lignification
Miscellaneous
 F - a lightning rod (4/4)


   Skills:
 - Level 10.4 Fighting
 - Level 2.2(2.8) Maces & Flails
 - Level 2.5(3.0) Staves
 - Level 5.0 Ranged Weapons
 + Level 9.5 Armour
 - Level 12.3 Dodging
 + Level 7.0 Stealth
 - Level 12.0 Shields
 + Level 13.2 Spellcasting
 * Level 11.7 Conjurations
 - Level 12.7 Translocations
 - Level 4.0 Transmutations
 - Level 10.9 Fire Magic
 - Level 8.0 Ice Magic
 - Level 7.4 Air Magic
 - Level 2.0 Earth Magic
 - Level 4.0 Poison Magic
 - Level 4.0 Evocations


You had 5 spell levels left.
You knew the following spells:

 Your Spells              Type           Power      Damage    Failure   Level
b - Iskenderun's Mystic   Conj/Tloc      49%        2d11      1%          4
d - Fireball              Conj/Fire      23%        3d11      1%          5
l - Freezing Cloud        Conj/Ice/Air   19%        6-21      1%          5
m - Mephitic Cloud        Conj/Pois/Air  35%        N/A       1%          3
o - Orb of Destruction    Conj           24%        9d9       9%          7
p - Passage of Golubria   Tloc           50%        N/A       1%          4
s - Sticky Flame          Conj/Fire      46%        2d6       1%          4
I - Ignite Poison         Fire/Tmut/Pois 30%        N/A       1%          3
T - Olgreb's Toxic Radia  Pois           23%        N/A       2%          4

Your spell library contained the following spells:

 Spells                   Type           Power      Damage    Failure   Level
 Freeze                   Ice            100%       1d10      1%          1
 Magic Dart               Conj           100%       1d8       1%          1
 Sandblast                Erth           32%        2d9       1%          1
 Sting                    Tmut/Pois      92%        1d7       1%          1
 Ensorcelled Hibernation  Hex/Ice        46%        N/A       1%          2
 Lesser Beckoning         Tloc           100%       N/A       1%          2
 Passwall                 Tmut/Erth      16%        N/A       1%          2
 Dazzling Flash           Conj/Hex       58%        N/A       1%          3
 Frozen Ramparts          Ice            72%        1d11      1%          3
 Gell's Gravitas          Tloc           50%        N/A       1%          3
 Hailstorm                Conj/Ice       42%        3d10      1%          3
 Inner Flame              Hex/Fire       28%        N/A       1%          3
 Ozocubu's Armour         Ice            36%        N/A       1%          3
 Stone Arrow              Conj/Erth      64%        3d11      1%          3
 Teleport Other           Tloc           50%        N/A       1%          3
 Volatile Blastmotes      Fire/Tloc      96%        2d18      1%          3
 Brom's Barrelling Bould  Conj/Erth      32%        2d5       1%          4
 Flame Wave               Conj/Fire      46%        2d12      1%          4
 Fulminant Prism          Conj/Hex       14%        3d8       1%          4
 Arcjolt                  Conj/Air       20%        1d30      1%          5
 Iskenderun's Battlesphe  Conj           48%        2d10      1%          5
 Dimensional Bullseye     Hex/Tloc       15%        N/A       3%          4
 Summon Small Mammal      Summ           40%        N/A       4%          1
 Call Imp                 Summ           20%        N/A       7%          2
 Summon Forest            Summ/Tloc      15%        N/A       9%          5
 Call Canine Familiar     Summ           10%        N/A       14%         3
 Summon Guardian Golem    Hex/Summ       10%        N/A       14%         3
 Tukima's Dance           Hex            10%        N/A       14%         3
 Lee's Rapid Deconstruct  Erth           8%         3d7*      14%         5
 Yara's Violent Unravell  Hex/Tmut       8%         3d5       14%         5
 Silence                  Hex/Air        11%        N/A       26%         5
 Animate Armour           Summ/Erth      26%        N/A       28%         4
 Leda's Liquefaction      Hex/Erth       6%         N/A       28%         4
 Animate Dead             Necr           10%        N/A       41%         4
 Borgnjor's Vile Clutch   Necr/Erth      6%         N/A       61%         5
 Agony                    Necr           10%        N/A       75%         5
 Dispersal                Tloc           25%        N/A       4%          6
 Plasma Beam              Fire/Air       20%        2x1d32    4%          6
 Bombard                  Conj/Erth      16%        9d3       12%         6
 Eringya's Noxious Bog    Tmut/Pois      11%        4d6       32%         6
 Ozocubu's Refrigeration  Ice            18%        4d11      34%         7
 Ignition                 Fire           22%        3d8       56%         8
 Spellforged Servitor     Conj/Summ      14%        N/A       58%         7
 Lehudib's Crystal Spear  Conj/Erth      16%        10d5      96%         8
 Death Channel            Necr           5%         N/A       99%         6
 Enfeeble                 Hex            5%         N/A       100%        7
 Haunt                    Necr/Summ      5%         N/A       100%        7
 Summon Hydra             Summ           5%         N/A       100%        7
 Swiftness                Air            Unusable   N/A       N/A         3
 Vhi's Electric Charge    Tloc/Air       Unusable   N/A       N/A         4

Dungeon Overview and Level Annotations

Branches:
Dungeon (15/15)            Temple (1/1) D:4            Lair (5/5) D:8
 Shoals (4/4) Lair:2       Spider (2/4) Lair:3        Slime (0/5) Lair:5
    Orc (2/2) D:12            Elf (3/3) Orc:2        Vaults (0/5) D:14
 Depths (0/4) D:15        Gauntlet (visited)

Altars:
Ashenzari
Cheibriados
Dithmenos
Elyvilon
Fedhas
Gozag
Hepliaklqana
Kikubaaqudgha
Makhleb
Nemelex Xobeh
Okawaru
Qazlal
Ru
Sif Muna
Trog
Uskayaw
Vehumet
Wu Jian
Xom
Yredelemnul
Zin
The Shining One
Jiyva

Shops:
D:3 *:[   D:6 *   D:7 :   Orc:1 [?*   Orc:2 [(!*   Elf:1 (   Elf:2 (
Shoals:1 ?   Shoals:3 [

Portals:
Trove: D:15 (give +2 gold dragon scales)

Annotations:
D:14 exclusion: 2 downstairs
Spider:1 exclusion: 2 downstairs
Elf:1 2 transporters, Umpaher's ghost, adept DsGl
Elf:2 exclusion: downstairs
Elf:3 Zenata


Innate Abilities, Weirdness & Mutations

You cannot be hasted, slowed, berserked, paralysed or teleported.
You can dig through walls and to a lower floor.
You have a pair of large antennae on your head. (SInv)
Your four strong arms can wield two-handed weapons with a shield.
You are dopey. (Int -2)


Message History

Here: a +6 flail of holy wrath (summoned, fast)
The floor, spattered with blood.
Unknown command.
Unknown command.
Unknown command.
Unknown command.
You fade into invisibility!
You feel very sick.
The +0 heavy hand axe closely misses you.
The +1 halberd of venom hits you from afar!!
* * * LOW HITPOINT WARNING * * *
You are more poisoned.
You block the +6 flail of holy wrath's attack.
The +1 halberd of venom hits you from afar!
* * * LOW HITPOINT WARNING * * *
You are more poisoned.
The +0 heavy hand axe hits you.
* * * LOW HITPOINT WARNING * * *
The +6 flail of holy wrath misses you.
Okay, then.
Unknown command.
Unknown command.
Unknown command.
Okay, then.
Unknown command.
Unknown command.
Okay, then.
Okay, then.
Unknown command.
Unknown command.
Unknown command.
You feel better.
The +1 halberd of venom closely misses you.
The +6 flail of holy wrath barely misses you.
The +0 heavy hand axe misses you. The +1 halberd of venom misses you.
The +6 flail of holy wrath hits you but does no damage.
The +0 heavy hand axe closely misses you.
The +1 halberd of venom closely misses you.
The +6 flail of holy wrath hits you!!
You die...

########.## ##.#...............##.......#
......##..###..##.#......#####.......#..#
#####.####....###.#......#####.##..#.....
#.....###............#..........##..#
##......#######...####.##...#.......#
#.##.#.# #...# #.#......#.##.##
#####.##.#.# #...# #...).........##
......##.#.# #.).# #..[...[.#......
......##.#.### #...####....)..)#......
.........)...#####.(..)...#.....##[...))
.....###........)..........#...###[.....
..... #................[[....## #.[....
...... #..........).[......###.# #......
#####.#####....###..# #.###...(.. ###
#...)....[###...#<....)
#...######...###)[..... ###...#######.##
##.##### #...<......##.## #...).. ..#
#.#.@.#.##.....####.##### ...##
#####.#.(.#.#...###.##.## .....##
#......(..#.....# #...## ......#
#.......((..#...###.### ......##
#..............[...## .......##
#.............#.##.# ........#
#.............#.##.# ....e)..#
##.#..[........#....## #...)...#
#......^...#.........# #.......##
####.........#..##...# ##.......#
#...#....(..#.......#
#.......####...#.......##.[..#.#
##..[....)......#.......##.##.#.#
#....)....(##.###.......##.##.#.#
#..........##.# #...............#
.......{.{.#### #.......##.######
......a(..## ##########.# .....)(.{.#
#........# ...⌠..{{.## ### #.#####..#


You could see 4 dancing weapons.

Vanquished Creatures
  Mara (Shoals:3)
  Jorgrun (Elf:1)
  Rupert (Lair:4)
  3 deep elf blademasters
  A kraken (Shoals:4)
  Polyphemus (Shoals:4)
  Aizul (Elf:1)
  6 deep elf sorcerers
  The ghost of Biekhle the Arsonist, a journeyman DrVM of Sif Muna (D:14)
  5 deep elf elementalists (Elf:3)
  A formless jellyfish (Shoals:3)
  An orc warlord (Orc:2)
  A quicksilver ooze (D:14)
  The ghost of wireframewife the Gelid, a journeyman BaIE of Dithmenos (Lair:5)
  An ironbound preserver (D:14)
  3 deep elf demonologists (Elf:3)
  6 deep elf annihilators (Elf:3)
  A minotaur (Gauntlet)
  A spark wasp (Spider:1)
  Snorg (D:11)
  An ettin (D:15)
  A deep elf death mage (Elf:3)
  2 fire dragons
  7 merfolk impalers
  3 deep elf high priests (Elf:3)
  7 merfolk javelineers
  Harold (D:12)
  Fannar (D:11)
  6 hydras
  3 alligator snapping turtles (Shoals:4)
  5 jorogumos (Spider:1)
  2 centaur warriors
  2 catoblepae
  A radroach (Spider:1)
  A merfolk avatar (Shoals:4)
  A two-headed ogre (D:10)
  14 dancing weapons
  3 tengu warriors
  6 boulder beetles
  21 death yaks
  2 satyrs
  4 merfolk aquamancers
  7 deep elf knights
  Sonja (Lair:5)
  3 skeletal warriors
  Lodul (D:10)
  A hell knight (D:15)
  2 skysharks
  13 sea snakes
  A glowing orange brain (D:14)
  A kraken simulacrum (Shoals:4)
  A steelbarb worm (Spider:1)
  A swamp dragon (Lair:5)
  2 deep elf archers (Elf:2)
  5 harpies
  4 arcanists
  19 deep elf zephyrmancers
  A lindwurm (Lair:5)
  4 orc knights
  16 deep elf pyromancers
  3 ugly things
  4 orc sorcerers
  10 cyclopes
  8 manticores
  15 fauns
  6 elephants
  2 moths of wrath
  6 merfolk sirens
  Maurice (Orc:1)
  A guardian serpent (shapeshifter) (D:15)
  6 water nymphs
  3 torpor snails
  An apocalypse crab (Gauntlet)
  2 black mambas (Lair:2)
  5 gargoyles
  A smoke demon (Gauntlet)
  An unseen horror (shapeshifter) (D:14)
  3 rime drakes
  13 cane toads
  2 freezing wraiths (D:14)
  A kobold demonologist (D:11)
  An efreet (D:14)
  3 unseen horrors
  2 minotaur zombies (Gauntlet)
  7 komodo dragons
  7 trolls
  30 merfolk
  A polar bear (Lair:4)
  A glass eye (D:14)
  A meliai (D:14)
  13 dream sheep (Shoals:3)
  A dream sheep (shapeshifter) (D:13)
  7 blink frogs
  2 wind drakes
  4 tarantellas (Spider:1)
  6 snapping turtles
  15 slime creatures
  13 water elementals
  2 air elementals
  7 wyverns
  A vampire (D:9)
  13 jumping spiders
  2 culicivoras (Spider:1)
  2 wraiths (D:12)
  10 basilisks
  61 yaks
  11 redbacks (Spider:1)
  A vampire mosquito (D:14)
  3 steam dragons (Lair:5)
  4 wargs
  4 acid dragons
  35 orc warriors
  14 water moccasins
  A swamp drake (Lair:5)
  A sky beast (D:6)
  A black bear (Lair:2)
  2 ice beasts (D:6)
  8 wolves (Lair:2)
  12 ogres
  A boggart (Elf:1)
  11 centaurs
  2 kobold brigands
  7 bullfrogs
  A gnoll sergeant (D:11)
  2 scorpions
  3 earth elementals
  7 wights
  2 electric eels
  A troll skeleton (D:11)
  5 spriggan skeletons (D:11)
  12 howler monkeys
  4 crimson imps (Gauntlet)
  A jelly (D:4)
  2 centaur zombies (D:5)
  19 orc priests
  3 hounds
  2 bullfrog zombies (D:5)
  A sleepcap (D:6)
  9 iguanas
  Natasha (thrice) (D:3)
  9 hell rats
  19 orc wizards
  A hound zombie (D:5)
  Robin (D:3)
  8 adders
  5 gnolls
  6 river rats
  A shadow imp (D:8)
  A white imp (Gauntlet)
  5 ufetubi (D:6)
  An adder zombie (D:5)
  A worm (D:3)
  5 dart slugs
  58 orcs
  4 bats
  8 endoplasms
  5 giant cockroaches
  8 goblins
  9 hobgoblins
  8 quokkas
  12 ball pythons
  2 frilled lizards
  12 kobolds
  24 rats
  2 butterflies
931 creatures vanquished.

Vanquished Creatures (others)
  An orc wizard (Orc:2)
  An orc (Orc:2)
  19 tentacles
21 creatures vanquished.

Grand Total: 952 creatures vanquished

Notes
Turn   | Place    | Note
-------+----------+-------------------------------------------
     0 | D:5      | petzl the Formicid Delver began the quest for the Orb.
     0 | D:5      | Reached XP level 1. HP: 18/18 MP: 1/1
    16 | D:6      | Noticed a sky beast
   156 | D:5      | Noticed an iguana
   264 | D:4      | Reached XP level 2. HP: 10/24 MP: 2/2
   369 | D:4      | Found a staircase to the Ecumenical Temple.
   373 | D:4      | HP: 1/24 [iguana (8)]
   560 | D:4      | Reached skill level 2 in Spellcasting
   560 | D:4      | Reached XP level 3. HP: 9/29 MP: 3/6
   662 | Temple   | Entered the Ecumenical Temple
   696 | D:5      | Noticed an ice beast
   735 | D:4      | Reached XP level 4. HP: 35/35 MP: 7/7
   751 | D:3      | Found Cainesm's Book Shoppe.
  1329 | D:1      | Reached skill level 1 in Shields
  1924 | D:2      | Reached XP level 5. HP: 42/42 MP: 9/9
  2237 | D:3      | Found a large runed translucent door.
  2238 | D:3      | Found a large runed translucent door.
  2259 | D:3      | Reached skill level 3 in Spellcasting
  2442 | D:3      | Found Gaekhliarr's General Store.
  2450 | D:3      | Bought a scroll of immolation for 44 gold pieces
  2577 | D:3      | Noticed Natasha
  2721 | D:3      | Found Cuwasop's Antique Armour Shoppe.
  2821 | D:3      | Noticed Robin
  2827 | D:3      | Killed Robin
  3360 | D:4      | Reached skill level 1 in Ranged Weapons
  3360 | D:4      | Reached skill level 1 in Evocations
  3360 | D:4      | Reached XP level 6. HP: 44/48 MP: 11/11
  3907 | D:5      | Found a hide-covered altar of Uskayaw.
  3982 | D:5      | You fall into a shaft and drop 1 floor!
  4089 | D:6      | Noticed an ogre
  4155 | D:6      | Found Dikhip's Assorted Antiques.
  4163 | D:6      | Bought a scroll labelled KAAWESK KEHO for 22 gold pieces
  4163 | D:6      | Bought a scroll labelled SIREUDI JYBOO for 22 gold pieces
  4163 | D:6      | Bought a scroll labelled JYNINU YXIF for 22 gold pieces
  4163 | D:6      | Bought a scroll labelled JYNINU YXIF for 22 gold pieces
  4163 | D:6      | Bought a scroll labelled QOTOIS ASOMIZO for 22 gold pieces
  4165 | D:6      | Identified a scroll of acquirement
  4173 | D:6      | Acquired 1023 gold pieces
  4223 | D:6      | Noticed an ogre
  4434 | D:5      | Reached skill level 4 in Spellcasting
  4721 | D:3      | Bought a book of Frost for 220 gold pieces
  4725 | D:3      | Learned a level 3 spell: Hailstorm
  4831 | D:3      | Killed Natasha
  4832 | D:3      | Reached XP level 7. HP: 50/55 MP: 13/13
  4833 | D:3      | Noticed Natasha
  4843 | D:3      | Killed Natasha
  5021 | D:3      | Noticed Natasha
  5035 | D:3      | Killed Natasha
  5070 | D:3      | Bought a pair of boots for 81 gold pieces
  5070 | D:3      | Bought a pair of gloves for 81 gold pieces
  5136 | D:4      | You fall into a shaft and drop 1 floor!
  5146 | D:5      | You fall into a shaft and drop 2 floors!
  5192 | D:7      | Found Gycheoha's Self-Improvement Boutique.
  5201 | D:7      | You fall into a shaft and drop 3 floors!
  5201 | D:10     | Entered Level 10 of the Dungeon
  5267 | D:9      | Noticed a troll
  5286 | D:8      | Noticed a water moccasin
  5286 | D:8      | Noticed a brown ugly thing
  5315 | D:7      | Killed a water moccasin
  5316 | D:7      | Reached skill level 1 in Conjurations
  5392 | D:7      | Reached skill level 1 in Ice Magic
  5432 | D:7      | Reached XP level 8. HP: 27/61 MP: 15/15
  5602 | D:7      | Reached skill level 5 in Spellcasting
  5748 | D:5      | You fall into a shaft and drop 2 floors!
  6135 | D:5      | an orc changed into a shapeshifter
  6135 | D:5      | Noticed a shapeshifter (shapeshifter)
  6135 | D:5      | a shapeshifter changed into a tarantella
  6135 | D:5      | Noticed a tarantella (shapeshifter)
  6137 | D:5      | Banished a tarantella
  6138 | D:5      | Reached skill level 5 in Fighting
  6189 | D:5      | Learned a level 4 spell: Sticky Flame
  6320 | D:5      | Found an opulent altar of Gozag.
  6426 | D:5      | Found a glowing golden altar of the Shining One.
  6529 | D:5      | Found a basalt altar of Yredelemnul.
  6539 | D:5      | You fall into a shaft and drop 3 floors!
  6556 | D:8      | Learned a level 3 spell: Mephitic Cloud
  6632 | D:8      | Found a blossoming altar of Fedhas.
  6665 | D:7      | Reached skill level 1 in Fire Magic
  6752 | D:4      | Reached XP level 9. HP: 53/68 MP: 17/17
  7079 | D:6      | Reached skill level 5 in Shields
  7205 | D:6      | Learned a level 4 spell: Iskenderun's Mystic Blast
  7769 | D:6      | You fall into a shaft and drop 1 floor!
  7983 | D:6      | Reached skill level 1 in Translocations
  8316 | D:6      | Bought 2 lumpy emerald potions for 39 gold pieces
  8316 | D:6      | Bought a brass wand for 88 gold pieces
  8503 | D:8      | Found a radiant altar of Vehumet.
  8536 | D:7      | Reached skill level 6 in Spellcasting
  8754 | D:7      | Reached XP level 10. HP: 76/76 MP: 19/19
  8840 | D:7      | Reached skill level 5 in Conjurations
  9117 | D:8      | Killed a brown ugly thing
  9136 | D:8      | Found a staircase to the Lair.
  9231 | D:8      | Noticed a moth of wrath
  9234 | D:8      | Found a bloodstained altar of Trog.
  9274 | D:8      | You fall into a shaft and drop 2 floors!
  9388 | D:8      | Killed a moth of wrath
  9440 | D:8      | Became a worshipper of Vehumet
  9614 | D:9      | Reached skill level 5 in Fire Magic
  9751 | D:9      | Reached XP level 11. HP: 81/81 MP: 20/20
  9799 | D:9      | Identified the +7 ring mail of Temaucesa {+Inv rN+ Dex+3
                  | Slay-6}
 10106 | D:9      | Identified the +1 ring mail of Hetuitan {rPois Regen+}
 10526 | D:9      | Reached skill level 5 in Ranged Weapons
 10874 | D:10     | Noticed a centaur warrior
 10983 | Lair:1   | Entered Level 1 of the Lair of Beasts
 11064 | Lair:1   | Noticed a boulder beetle
 11081 | Lair:1   | Killed a boulder beetle
 11082 | Lair:1   | Reached skill level 1 in Air Magic
 11272 | Lair:1   | Reached skill level 7 in Spellcasting
 11276 | Lair:1   | Reached * piety under Vehumet
 11276 | Lair:1   | Offered knowledge of Shock by Vehumet.
 11393 | Lair:1   | Reached skill level 5 in Ice Magic
 11972 | Lair:1   | Reached skill level 1 in Poison Magic
 12618 | Lair:2   | Noticed an eight-headed hydra
 12797 | Lair:2   | Found a staircase to the Shoals.
 12832 | Lair:2   | Noticed a four-headed hydra
 12841 | Lair:2   | Killed a four-headed hydra
 12842 | Lair:2   | Reached skill level 5 in Translocations
 12842 | Lair:2   | Reached XP level 12. HP: 72/89 MP: 22/22
 13073 | Lair:2   | Killed an eight-headed hydra
 14610 | Lair:3   | Reached ** piety under Vehumet
 14664 | Lair:3   | Offered knowledge of Scorch by Vehumet.
 15461 | Lair:3   | Noticed a boulder beetle
 15477 | Lair:3   | Killed a boulder beetle
 15478 | Lair:3   | Reached XP level 13. HP: 96/98 MP: 17/24
 15519 | Lair:3   | Found a hole to the Spider Nest.
 16057 | Lair:3   | Reached skill level 8 in Spellcasting
 16674 | Lair:4   | Noticed Rupert
 17088 | D:10     | Noticed Lodul
 17110 | D:10     | Killed Lodul
 17527 | D:10     | Killed a centaur warrior
 17733 | D:10     | Learned a level 4 spell: Passage of Golubria
 18475 | D:10     | Offered knowledge of Ignite Poison by Vehumet.
 18701 | D:11     | Reached *** piety under Vehumet
 18768 | D:11     | Found a gate leading to a gauntlet.
 18794 | Gauntlet | Entered a Gauntlet
 18794 | Gauntlet | Found a transporter.
 18822 | Gauntlet | Found a transporter.
 18834 | Gauntlet | Found a transporter.
 18839 | Gauntlet | Found a transporter.
 18854 | Gauntlet | Found a transporter.
 18873 | Gauntlet | Found a transporter.
 18885 | Gauntlet | Found a transporter.
 18897 | Gauntlet | Found a transporter.
 18906 | Gauntlet | Noticed a dire elephant
 18909 | Gauntlet | Found a transporter.
 18921 | Gauntlet | Found a transporter.
 18938 | Gauntlet | Found a transporter.
 18956 | Gauntlet | Found a transporter.
 18960 | Gauntlet | Found a transporter.
 18986 | Gauntlet | Found a transporter.
 18986 | Gauntlet | Found a transporter.
 19006 | Gauntlet | Found a transporter.
 19084 | Gauntlet | Found a transporter.
 19104 | Gauntlet | Found a transporter.
 19403 | Gauntlet | Learned a level 3 spell: Ignite Poison
 19724 | Gauntlet | Identified the +0 pair of gloves of Bitterness {Fly Will-
                  | Str+4}
 19767 | Gauntlet | Noticed a minotaur
 19777 | Gauntlet | Killed a minotaur
 19778 | Gauntlet | Reached skill level 1 in Armour
 19986 | D:11     | Noticed Snorg
 20044 | D:11     | Noticed Fannar
 20422 | D:11     | Offered knowledge of Airstrike by Vehumet.
 20631 | D:12     | Reached skill level 5 in Air Magic
 21351 | D:11     | Noticed Harold
 21412 | D:12     | Killed Harold
 21413 | D:12     | Reached skill level 1 in Transmutations
 21413 | D:12     | Reached XP level 14. HP: 106/106 MP: 6/26
 21561 | D:11     | Killed Snorg
 21687 | D:12     | Found the +7 staff of the Meek {protect, meekguard}
 22080 | D:12     | Found a staircase to the Orcish Mines.
 22650 | D:12     | Reached **** piety under Vehumet
 22916 | D:13     | Found a radiant altar of Vehumet.
 23016 | D:12     | Learned a level 3 spell: Stone Arrow
 23018 | Lair:5   | Identified the "Ruqeis"
 23018 | Orc:1    | Entered Level 1 of the Orcish Mines
 23034 | Orc:1    | Reached skill level 1 in Staves
 23258 | Orc:1    | Found Soef's Assorted Antiques.
 23423 | Orc:2    | Entered Level 2 of the Orcish Mines
 23465 | Orc:2    | Found a staircase to the Elven Halls.
 23480 | Orc:2    | Offered knowledge of Lee's Rapid Deconstruction by Vehumet.
 23581 | Orc:2    | Noticed Maurice
 23649 | Orc:1    | Killed Maurice
 23685 | Orc:2    | Noticed an orc warlord
 23724 | Orc:1    | Bought a scroll of identify for 66 gold pieces
 23724 | Orc:1    | Bought a scroll of identify for 66 gold pieces
 23724 | Orc:1    | Bought a smoky white potion for 29 gold pieces
 23867 | D:7      | Bought a manual of Dodging for 1200 gold pieces
 24171 | D:3      | Found a broken altar of Ashenzari.
 24183 | D:3      | Found a shimmering blue altar of Sif Muna.
 25683 | D:14     | Acquired a scarf of repulsion
 26285 | D:14     | Found a runed translucent gate.
 26286 | D:14     | Found a runed translucent gate.
 26287 | D:14     | Found a runed translucent gate.
 26290 | D:14     | Noticed Biekhle's ghost (journeyman DrVM)
 26290 | D:14     | Noticed a quicksilver ooze
 26296 | D:14     | Found a viscous altar of Jiyva.
 26309 | D:15     | Entered Level 15 of the Dungeon
 26539 | D:15     | Found a portal to a secret trove of treasure.
 26775 | D:15     | Found a sacrificial altar of Ru.
 26830 | D:15     | Reached skill level 9 in Spellcasting
 27383 | Lair:4   | Killed Rupert
 27384 | Lair:4   | Reached skill level 5 in Dodging
 27384 | Lair:4   | Reached skill level 10 in Shields
 27809 | Lair:3   | Reached skill level 5 in Armour
 28627 | Lair:4   | Reached XP level 15. HP: 91/113 MP: 19/28
 28943 | Lair:5   | Entered Level 5 of the Lair of Beasts
 28956 | Lair:5   | Found a transporter.
 28958 | Lair:5   | Noticed wireframewife's ghost (journeyman BaIE)
 29117 | Lair:5   | Found a staircase to the Slime Pits.
 29117 | Lair:5   | Found a viscous altar of Jiyva.
 29178 | Lair:5   | Noticed Sonja
 29603 | Lair:5   | Found a transporter.
 29814 | Lair:5   | Reached ***** piety under Vehumet
 29818 | Lair:5   | Offered knowledge of Olgreb's Toxic Radiance by Vehumet.
 29968 | Lair:4   | Learned a level 4 spell: Olgreb's Toxic Radiance
 30878 | Lair:5   | Killed Sonja
 31555 | Orc:1    | Found Dolofetz's Magic Scroll Shop.
 31599 | Orc:1    | Found Yxzith's Antique Armour Shoppe.
 31724 | Orc:1    | Bought a pair of glowing gloves for 240 gold pieces
 31724 | Orc:1    | Bought a pair of spiked boots for 304 gold pieces
 31724 | Orc:1    | Identified the +1 pair of boots of the Butterfly {rF++}
                  | (You bought it in a shop on level 1 of the Orcish Mines)
 32313 | Orc:2    | Offered knowledge of Fireball by Vehumet.
 32320 | Orc:2    | Learned a level 5 spell: Fireball
 32564 | Orc:2    | Found Giymif's Distillery.
 32564 | Orc:2    | Found Fesa's Weapon Shop.
 32566 | Orc:2    | Found Toestie's Armour Boutique.
 32568 | Orc:2    | Found Odouzecu's Assorted Antiques.
 32585 | Orc:2    | Bought a potion of curing for 48 gold pieces
 32585 | Orc:2    | Bought a potion of curing for 48 gold pieces
 32585 | Orc:2    | Bought a potion of curing for 48 gold pieces
 32585 | Orc:2    | Bought a potion of curing for 48 gold pieces
 32858 | Orc:2    | Killed an orc warlord
 32919 | Crypt:3  | Identified the of Cerihur
 32919 | Elf:1    | Entered Level 1 of the Elven Halls
 33281 | Elf:1    | Reached XP level 16. HP: 105/120 MP: 14/29
 33383 | Elf:1    | Found a radiant altar of Vehumet.
 34122 | Elf:1    | Noticed Jorgrun
 34229 | Elf:1    | Reached skill level 10 in Spellcasting
 34330 | Elf:1    | Noticed a deep elf sorcerer
 34336 | Elf:1    | Killed a deep elf sorcerer
 34337 | Elf:1    | Reached skill level 10 in Translocations
 34785 | Elf:1    | Identified the -1 buckler of the Everdark {Regen+ Str+3}
 35212 | Elf:2    | Found Atol's Antique Weapon Shop.
 35997 | Elf:1    | Found a transporter.
 35999 | Elf:1    | Found a transporter.
 36170 | Elf:3    | Identified the "Quhon"
 36170 | Elf:3    | Identified the "Gyewn"
 36170 | Elf:3    | Identified the "Mupoh"
 36170 | Elf:3    | Identified the of Zuxa
 36170 | Elf:3    | Identified the of Xoetsi
 36170 | Elf:3    | Entered Level 3 of the Elven Halls
 36350 | Elf:3    | Noticed a deep elf blademaster
 36408 | Elf:2    | HP: 5/120 [deep elf blademaster/+0 rapier (11)]
 36719 | Orc:2    | Bought a potion of magic for 128 gold pieces
 36721 | Orc:2    | Bought a scroll of fear for 132 gold pieces
 37236 | D:14     | Found a gate to the Vaults.
 37648 | D:14     | Found the macabre finger necklace {Finger+ rN+}
 38046 | D:15     | Found a staircase to the Depths.
 39071 | Spider:1 | Entered Level 1 of the Spider Nest
 39464 | Spider:1 | Reached skill level 10 in Conjurations
 39678 | Spider:1 | Reached skill level 10 in Dodging
 41417 | Shoals:1 | Entered Level 1 of the Shoals
 41423 | Shoals:1 | Reached XP level 17. HP: 111/114 MP: 7/31
 42007 | Shoals:1 | Found Verhel's Magic Scroll Boutique.
 42358 | Shoals:1 | Offered knowledge of Freezing Cloud by Vehumet.
 42531 | D:14     | Learned a level 5 spell: Freezing Cloud
 43267 | Shoals:2 | Reached skill level 11 in Spellcasting
 43362 | Shoals:2 | Reached skill level 1 in Earth Magic
 44327 | Shoals:3 | Reached skill level 10 in Fire Magic
 45730 | Shoals:3 | Noticed Mara
 46107 | D:11     | Killed Fannar
 46600 | D:14     | You fall into a shaft and drop 1 floor!
 46675 | D:14     | Killed Biekhle's ghost
 47476 | Elf:1    | Killed Jorgrun
 47578 | Elf:1    | Noticed a deep elf blademaster
 47578 | Elf:1    | Noticed a deep elf blademaster
 47579 | Elf:1    | Noticed Umpaher's ghost (adept DsGl)
 47581 | Elf:1    | Noticed a deep elf blademaster
 47588 | Elf:1    | Identified the serpent talisman "Ycaleg" {rCorr Int+3
                  | Dex-3}
 47588 | Elf:1    | Noticed Aizul
 47916 | Elf:1    | Found a bloodstained altar of Trog.
 47996 | Elf:1    | Acquired 658 gold pieces
 48071 | Orc:2    | Bought a scroll of acquirement for 1716 gold pieces
 48870 | Elf:2    | Killed a deep elf blademaster
 49203 | Elf:2    | Identified the +3 long sword of the Tired Emperors {venom,
                  | rC+ Str+2}
 49586 | Elf:1    | Reached XP level 18. HP: 133/133 MP: 16/33
 49845 | Lair:2   | Acquired the ring "Wawkal" {Fly rC++ Dex-2 Slay+2}
 50273 | Shoals:3 | Noticed petzl's illusion
 50280 | Shoals:3 | Killed Mara
 50281 | Shoals:3 | Reached skill level 12 in Spellcasting
 50324 | Shoals:3 | Noticed a kraken
 50635 | Shoals:4 | Entered Level 4 of the Shoals
 50981 | Shoals:3 | Offered knowledge of Orb of Destruction by Vehumet.
 51241 | D:14     | Learned a level 7 spell: Orb of Destruction
 51573 | Shoals:3 | Banished a kraken
 51895 | Shoals:3 | Found Xeurph's Armour Shop.
 52164 | Shoals:3 | Gained mutation: You are dopey. (Int -2) [mutagenic glow]
 53800 | Shoals:4 | Noticed Polyphemus
 54245 | Shoals:4 | Reached skill level 10 in Fighting
 54799 | Shoals:4 | Killed Polyphemus
 55036 | Shoals:4 | Noticed a kraken
 55050 | Shoals:4 | Killed a kraken
 55469 | Shoals:4 | Identified the +6 glaive of the Chain {venom, rElec}
 57013 | Shoals:4 | Got a barnacled rune of Zot
 57885 | Orc:2    | Bought a potion of enlightenment for 80 gold pieces
 58522 | Lair:5   | Killed wireframewife's ghost
 58920 | Lair:5   | Identified the +2 cloak of Twilight {Str+8 Int+2 Slay-5}
 59319 | Lair:5   | Identified the blade talisman of the Shimmering Gods {rElec
                  | Int-3 Dex+3}
 59971 | Elf:2    | Reached XP level 19. HP: 142/142 MP: 33/35
 61091 | Elf:3    | Noticed a deep elf blademaster
 61102 | Elf:3    | Killed a deep elf blademaster
 61549 | Shoals:3 | Bought the +3 pair of gloves of the Crypt {Will+} for 417
                  | gold pieces
 61818 | Elf:1    | Killed Aizul
 62249 | Elf:3    | Reached skill level 13 in Spellcasting
 63177 | Elf:3    | Identified the amulet "Elets" {Reflect Fragile rC- rN+++
                  | Str+7 SH+5}
 63241 | Elf:3    | Identified the staff of Skirmishing {rElec rF+ rN+ Air}
 63427 | Elf:3    | Noticed Zenata
 63515 | Elf:3    | Noticed a deep elf blademaster
 63576 | Elf:3    | Killed a deep elf blademaster
 63704 | Elf:3    | Slain by a +6 flail of holy wrath

Illustrated notes

Levels and vault maps discovered:
D:1:      dpeg_arrival_houses_and_road, layout_basic,
          chequers_serial_rivers_micro_a
D:2:      layout_basic
D:3:      layout_basic, jmf_multi_god_temple2, serial_shops,
          nicolae_shop_getting_attention, shop, shop, uniq_natasha, uniq_robin
D:4:      layout_basic, minmay_temple_entry_sparse_star
D:5:      layout_gridville, lemuel_coloured_pillars_altar,
          nicolae_tso_swordbearing_angel, nicolae_yredelemnul_corpse_copse,
          mainiacjoe_overflow_cross_hatched, serial_glass, glass_columns_b,
          glass_columns_a, nicolae_titane
D:6:      lemuel_ratsnest, layout_basic, serial_shops, shop
D:7:      layout_basic, hangedman_decor_clover_reticule, nicolae_shop_self_help
D:8:      layout_cave_pools, tgw_trog, mainiacjoe_overflow_catch_the_wave,
          lair_entry_dummy
D:9:      layout_long_grid
D:10:     layout_cave_pods, hangedman_abyss_or_decor_jellyfish_corner,
          eino_curves_04, serial_park_tiny_1, uniq_lodul
D:11:     layout_irregular_city, gauntlet_entry_generic,
          hangedman_tell_no_tales, uniq_snorg, uniq_harold, uniq_fannar
D:12:     layout_long_grid, david_orc_1_choice
D:13:     layout_loops_cross, vehumet_altar_wand_db
D:14:     layout_gridville, skrybe_vaults_entry_preservation,
          gammafunk_ghost_ooze
D:15:     hangedman_depths_entry_civil_slaughter, layout_irregular_city,
          nicolae_trove_entry_crystal, hangedman_ru_absence
Temple:   cyrus_circular_temple
Lair:1:   layout_regular_city, serial_rivers, chequers_serial_rivers_large_b,
          chequers_serial_rivers_micro_d, chequers_serial_rivers_small_3,
          chequers_serial_rivers_micro_e, chequers_serial_rivers_small_a,
          chequers_serial_rivers_micro_a
Lair:2:   layout_hall_layers, elwin_shoals_entry_rooms, serial_rivers,
          chequers_serial_rivers_small_3, chequers_serial_rivers_room_a,
          chequers_serial_rivers_micro_c, chequers_serial_rivers_micro_e,
          chequers_serial_rivers_micro_d, chequers_serial_rivers_small_3,
          beast_lair_carwin_3
Lair:3:   layout_loops_ring, spider_nest_entry_a, small_statue_intersection,
          minmay_holes, lemuel_fruit_fields
Lair:4:   layout_cave_pods, grunt_megastairs_2, uniq_rupert
Lair:5:   guppyfry_lair_end_dragon, layout_concentric_octagons, slime_entry_1,
          gammafunk_ghost_berserking_beasts, serial_bayou_shore_a,
          grunt_megastairs_3, lemuel_fruit_fields, uniq_sonja
Shoals:1: layout_shoals, serial_shops, shop
Shoals:2: layout_shoals, nicolae_shoals_shepherds
Shoals:3: layout_shoals, serial_shops, shop, uniq_mara
Shoals:4: shoals_end_grunt_ice, layout_shoals, uniq_polyphemus
Spider:1: layout_spider_delve, nicolae_spider_world_wide_web
Spider:2: layout_spider_delve, drop_trap
Orc:1:    layout_caves, serial_shops, shop, nicolae_shop_hallway_plus, shop
Orc:2:    st_orc_rangers, layout_diamond_mine, uniq_maurice
Elf:1:    eino_elf_arrival_altar, layout_onion_city,
          gammafunk_ghost_wrathful_warriors, hangedman_elf_disciples,
          uniq_aizul, uniq_jorgrun
Elf:2:    nicolae_elf_blades_splatter_lattice [nicolae_blade_little_rooms],
          layout_rooms, serial_shops, shop, uniq_louise
Elf:3:    minmay_elf_hall_quartered_circle, layout_loops_cross, uniq_zenata

Skill      XL: |  1  2  3  4  5  6  7  8  9 10 11 12 13 14 15 16 17 18 19 |
---------------+----------------------------------------------------------+-----
Dodging        | 2 5 8 10 11 12 | 12.3
Spellcasting   | 2 3 4 5 6 7 8 9 10 11 12 13 | 13.2
Shields        | 1 2 3 4 5 6 7 8 9 10 11 12 | 12.0
Fighting       | 4 5 6 8 9 10 | 10.4
Ranged Weapons | 1 2 3 4 5 |  5.0
Evocations     | 1 2 3 4 |  4.0
Conjurations   | 2 3 4 5 6 7 8 9 10 11 | 11.7
Ice Magic      | 1 2 3 4 5 6 7 8 |  8.0
Fire Magic     | 1 3 5 6 7 8 9 10 | 10.9
Translocations | 2 4 5 7 8 9 11 12 | 12.7
Air Magic      | 2 4 5 6 7 |  7.4
Poison Magic   | 2 4 |  4.0
Armour         | 2 5 7 8 9 |  9.5
Transmutations | 1 3 4 |  4.0
Staves         | 2 |  2.5
Earth Magic    | 2 |  2.0
Stealth        | 7 |  7.0
Maces & Flails | |  2.2

Action                     |  1- 3 |  4- 6 |  7- 9 | 10-12 | 13-15 | 16-18 | 19-21 || total
---------------------------+-------+-------+-------+-------+-------+-------+-------++-------
  Melee: Mace              |    36 |   164 |    24 |       |       |       |       ||   224
         Flail             |       |       |       |    36 |       |       |       ||    36
         Battleaxe         |       |       |       |       |    50 |       |       ||    50
         Quarterstaff      |       |       |       |       |   198 |   110 |     2 ||   310
   Fire: Shortbow          |       |   117 |   447 |   377 |   624 |   306 |    40 ||  1911
  Throw: Dart              |       |       |       |    11 |    15 |    19 |     1 ||    46
         Throwing net      |       |       |       |       |       |     2 |       ||     2
   Cast: Sticky Flame      |       |       |     2 |    55 |   184 |    63 |     4 ||   308
         Mephitic Cloud    |       |       |       |    47 |   170 |    61 |       ||   278
         Iskenderun's Myst |       |       |       |    46 |   120 |   112 |    15 ||   293
         Hailstorm         |       |       |       |    12 |     2 |       |       ||    14
         Ignite Poison     |       |       |       |       |    62 |    64 |     1 ||   127
         Stone Arrow       |       |       |       |       |    30 |    92 |       ||   122
         Passage of Golubr |       |       |       |       |     5 |    64 |     8 ||    77
         Olgreb's Toxic Ra |       |       |       |       |    10 |    83 |       ||    93
         Fireball          |       |       |       |       |       |    66 |       ||    66
         Freezing Cloud    |       |       |       |       |       |   183 |    44 ||   227
         Orb of Destructio |       |       |       |       |       |    46 |    34 ||    80
Ability: Shaft Self        |       |     1 |     6 |     1 |       |     1 |       ||     9
         Dig               |       |     1 |     4 |     3 |       |     5 |     2 ||    15
  Evoke: Wand              |       |       |    20 |    12 |     7 |    17 |     2 ||    58
         Lightning rod     |       |       |       |       |     5 |     6 |       ||    11
    Use: Scroll            |     1 |     9 |     3 |     4 |    14 |    16 |     1 ||    48
         Potion            |       |       |     3 |     3 |       |    10 |     2 ||    18
   Stab: Sleeping          |       |    10 |       |       |       |       |       ||    10
         Confused          |       |       |       |     3 |    10 |     3 |       ||    16
 Armour: Leather armour    |    19 |    19 |       |       |       |       |       ||    38
         Ring mail         |       |   104 |   336 |   250 |   440 |   401 |    55 ||  1586
         Robe              |       |       |       |       |       |    36 |       ||    36
  Dodge: Dodged            |    23 |    96 |   260 |   146 |   326 |   329 |    21 ||  1201
         Repelled          |       |       |       |       |     4 |    12 |     2 ||    18
  Block: Buckler           |       |    40 |   110 |    93 |    31 |   116 |     5 ||   395
         Kite shield       |       |       |       |       |   592 |    58 |       ||   650

Table legend: (Time is in decaauts)
 A = Elapsed time spent in this place.
 B = Non-inter-level travel time spent in this place.
 C = Inter-level travel time spent in this place.
 D = Time resting spent in this place.
 E = Time spent auto-exploring this place.
 F = Levels seen in this place.
 G = Mean time per level.
                   A        B        C        D        E       F      G
               +--------+--------+--------+--------+--------+-----+--------+
         Total |  64734 |  55418 |   9316 |  20471 |  13337 |  33 | 1961.6 |
       Dungeon |  26896 |  21245 |   5651 |   5254 |   7272 |  15 | 1793.1 |
        Temple |      6 |      4 |      2 |      0 |      0 |   1 |    6.0 |
          Lair |  12985 |  11205 |   1780 |   4763 |   3092 |   5 | 2597.0 |
        Shoals |  10539 |   9560 |    979 |   4444 |   1465 |   4 | 2634.8 |
   Spider Nest |   1765 |   1715 |     50 |    770 |    378 |   2 |  882.5 |
  Orcish Mines |   3255 |   2694 |    561 |    967 |    315 |   2 | 1627.5 |
   Elven Halls |   8169 |   7878 |    291 |   3962 |    459 |   3 | 2723.0 |
      Gauntlet |   1116 |   1116 |      0 |    310 |    356 |   1 | 1116.0 |
               +--------+--------+--------+--------+--------+-----+--------+

Top non-repeatable levels by time:
Shoals:3: 3780 daAuts
   Elf:1: 3629 daAuts
    D:12: 3418 daAuts
Shoals:4: 3380 daAuts
  Lair:2: 3350 daAuts
  Lair:5: 3239 daAuts
    D:14: 2844 daAuts
   Elf:2: 2403 daAuts
    D:10: 2382 daAuts
    D:13: 2299 daAuts
  Lair:3: 2264 daAuts
  Lair:1: 2209 daAuts
   Elf:3: 2136 daAuts
  Lair:4: 1921 daAuts
   Orc:2: 1864 daAuts
